PBL
CANTON INDIANS @ LONDON MAJORS
07/28/2047
 
TOP OF THE 1ST
Canton Indians batting - Pitching for London Majors : RHP Bryan Rystrom
Pitching: RHP Bryan Rystrom
Batting: RHB Patrick Pinault 0-0: Ball
1-0: Foul Ball, location: 2F
1-1: Called Strike
1-2: Foul Ball, location: 2F
1-2: Fly out, F7 (Flyball, 7, EV 85.6 MPH)
Batting: RHB Adam McMillen 0-0: SINGLE (Flyball, 5D, EV 85.0 MPH)
Batting: RHB Bill Ortiz 0-0: Ball
1-0: Ball
Adam McMillen steals 2nd base (no throw)
2-0: Foul Ball, location: 2F
2-1: Ball
3-1: Base on Balls
Batting: RHB Jose Rodriguez 0-0: Ball
1-0: Fielders Choice at 2nd, 1-6 (Groundball, 34S, EV 66.9 MPH)
Adam McMillen to third
Batting: SHB Luis de Leon 0-0: Fly out, F9 (Flyball, 9, EV 95.6 MPH)
Top of the 1st over - 0 runs, 1 hit, 0 errors, 2 left on base; Canton 0 - London 0
BOTTOM OF THE 1ST
London Majors batting - Pitching for Canton Indians : RHP Tom Frost
Pitching: RHP Tom Frost
Batting: RHB Manny Elizondo 0-0: Called Strike
0-1: Called Strike
0-2: Strikes out swinging
Batting: RHB Carlos Murillo 0-0: Called Strike
0-1: Ball
1-1: Fly out, F9 (Flyball, 89M, EV 85.6 MPH)
Batting: RHB Brandon Williams 0-0: Foul Ball, location: 2F
0-1: Foul Ball, location: 2F
0-2: Foul Ball, location: 2F
0-2: Ball
1-2: Ground out 5-3 (Groundball, 5L, EV 106.9 MPH)
Bottom of the 1st over - 0 runs, 0 hits, 0 errors, 0 left on base; Canton 0 - London 0
TOP OF THE 2ND
Canton Indians batting - Pitching for London Majors : RHP Bryan Rystrom
Batting: RHB Xavier Bartolani 0-0: Ground out 6-3 (Groundball, 6, EV 90.6 MPH)
Batting: RHB Russ Kennett 0-0: Foul Ball, location: 2F
0-1: Ball
1-1: Ball
2-1: Ground out 4-3 (Groundball, 4, EV 84.4 MPH)
Batting: LHB Mario Garza 0-0: Ball
1-0: Ball
2-0: Foul Ball, location: 2F
2-1: Ball
3-1: Called Strike
3-2: Strikes out swinging
Top of the 2nd over - 0 runs, 0 hits, 0 errors, 0 left on base; Canton 0 - London 0
BOTTOM OF THE 2ND
London Majors batting - Pitching for Canton Indians : RHP Tom Frost
Batting: RHB Akira Kubo 0-0: Ball
1-0: Fly out, F7 (Line Drive, 7, EV 92.5 MPH)
Batting: RHB Bruce Ayotte 0-0: Ball
1-0: Fly out, F8 (Flyball, 8RD, EV 90.6 MPH)
Batting: RHB Rudolph Lentz 0-0: Foul Ball, location: 2F
0-1: Ground out 6-3 (Groundball, 6MD, EV 86.2 MPH)
Bottom of the 2nd over - 0 runs, 0 hits, 0 errors, 0 left on base; Canton 0 - London 0
TOP OF THE 3RD
Canton Indians batting - Pitching for London Majors : RHP Bryan Rystrom
Batting: RHB Tony Gonzales 0-0: Fly out, F6 (Line Drive, 6, EV 70.0 MPH)
Batting: RHB Patrick Pinault 0-0: Called Strike
0-1: Foul Ball, location: 2F
0-2: Strikes out swinging
Batting: RHB Adam McMillen 0-0: Ball
1-0: Called Strike
1-1: Foul Ball, location: 2F
1-2: Foul Ball, location: 2F
1-2: DOUBLE (Line Drive, 89M, EV 102.5 MPH)
Batting: RHB Bill Ortiz 0-0: Ball
1-0: Foul Ball, location: 2F
1-1: Ball
2-1: Ball
3-1: Called Strike
3-2: Base on Balls
Batting: RHB Jose Rodriguez 0-0: SINGLE (Groundball, 56D, EV 101.2 MPH)
Adam McMillen to third
Bill Ortiz to second
Runner from 3rd tries for Home, SAFE, throw by LF to home
Batting: SHB Luis de Leon 0-0: Called Strike
0-1: Foul Ball, location: 2F
0-2: Ball
Wild Pitch!
Bill Ortiz to third
Jose Rodriguez to second
1-2: Foul Ball, location: 2F
1-2: Ball
2-2: Ball
3-2: Base on Balls
Batting: RHB Xavier Bartolani 0-0: Called Strike
0-1: Ball
1-1: Ball
2-1: Swinging Strike
2-2: Foul Ball, location: 2F
2-2: Strikes out swinging
Top of the 3rd over - 1 run, 2 hits, 0 errors, 3 left on base; Canton 1 - London 0
BOTTOM OF THE 3RD
London Majors batting - Pitching for Canton Indians : RHP Tom Frost
Batting: LHB Ron de Vos 0-0: Called Strike
0-1: Ball
1-1: Called Strike
1-2: Foul Ball, location: 2F
1-2: Strikes out swinging, 2-3 out at first.
Batting: LHB Nate Greening 0-0: Ground out U3 (Groundball, 3L, EV 86.9 MPH)
Batting: RHB Lao-che Zhu 0-0: Called Strike
0-1: Called Strike
0-2: Ball
1-2: Strikes out looking
Bottom of the 3rd over - 0 runs, 0 hits, 0 errors, 0 left on base; Canton 1 - London 0
TOP OF THE 4TH
Canton Indians batting - Pitching for London Majors : RHP Bryan Rystrom
Batting: RHB Russ Kennett 0-0: Ball
1-0: Foul Ball, location: 2F
1-1: Ball
2-1: Foul Ball, location: 2F
2-2: Ball
3-2: SINGLE (Flyball, 78S, EV 85.6 MPH)
Batting: LHB Mario Garza 0-0: Called Strike
0-1: Ball
1-1: Called Strike
Russ Kennett steals 2nd base
1-2: Ball
2-2: Foul Ball, location: 2F
2-2: Ball
3-2: Foul Ball, location: 2F
3-2: DOUBLE (Line Drive, 89M, EV 95.0 MPH)
Russ Kennett scores
Batting: RHB Tony Gonzales 0-0: Ball
1-0: Ball
2-0: Foul Ball, location: 2F
2-1: Ground out U3 (Groundball, 34, EV 109.4 MPH)
Mario Garza to third
Batting: RHB Patrick Pinault 0-0: Ball
1-0: Foul Ball, location: 2F
1-1: Foul Ball, location: 2F
1-2: Hit by Pitch
Pinch Runner at 1st Jose Garduno:
Batting: RHB Adam McMillen 0-0: Ball
1-0: Called Strike
Jose Garduno is caught stealing 2nd base 2-4
1-1: Ball
2-1: SINGLE (Line Drive, 9S, EV 101.2 MPH)
Mario Garza scores
Batting: RHB Bill Ortiz 0-0: Called Strike
Adam McMillen is caught stealing 2nd base 2-4
Top of the 4th over - 2 runs, 3 hits, 0 errors, 0 left on base; Canton 3 - London 0
BOTTOM OF THE 4TH
London Majors batting - Pitching for Canton Indians : RHP Tom Frost
Now at 2B: Jose Argueta
Batting: RHB Manny Elizondo 0-0: Ball
1-0: Called Strike
1-1: Called Strike
1-2: Ball
2-2: Fly out, F7 (Flyball, 7LS, EV 88.1 MPH)
Batting: RHB Carlos Murillo 0-0: Ball
1-0: Swinging Strike
1-1: Ball
2-1: Foul Ball, location: 2F
2-2: Ball
3-2: Strikes out swinging
Batting: RHB Brandon Williams 0-0: Foul Ball, location: 2F
0-1: Fly out, F8 (Flyball, 8LXD, EV 95.6 MPH)
Bottom of the 4th over - 0 runs, 0 hits, 0 errors, 0 left on base; Canton 3 - London 0
TOP OF THE 5TH
Canton Indians batting - Pitching for London Majors : RHP Bryan Rystrom
Batting: RHB Bill Ortiz 0-0: Ball
1-0: Swinging Strike
1-1: Foul Ball, location: 2F
1-2: Strikes out swinging
Batting: RHB Jose Rodriguez 0-0: TRIPLE (Line Drive, 89XD, EV 103.1 MPH)
Batting: SHB Luis de Leon 0-0: Ball
1-0: Foul Ball, location: 2F
1-1: Foul Ball, location: 2F
1-2: 2-RUN HOME RUN (Flyball, 7D, EV 95.0 MPH), Distance : 361 ft
Batting: RHB Xavier Bartolani 0-0: Called Strike
0-1: Ground out 3-1 (Groundball, 34, EV 108.1 MPH)
Batting: RHB Russ Kennett 0-0: Ground out 4-3 (Groundball, 4MD, EV 105.6 MPH)
Top of the 5th over - 2 runs, 2 hits, 0 errors, 0 left on base; Canton 5 - London 0
BOTTOM OF THE 5TH
London Majors batting - Pitching for Canton Indians : RHP Tom Frost
Batting: RHB Akira Kubo 0-0: Foul Ball, location: 2F
0-1: Ball
1-1: Foul Ball, location: 2F
1-2: Foul Ball, location: 2F
1-2: Ball
2-2: Ground out 6-3 (Groundball, 6, EV 92.5 MPH)
Batting: RHB Bruce Ayotte 0-0: Ball
1-0: Ball
2-0: Ground out 5-3 (Groundball, 56, EV 79.4 MPH)
Batting: RHB Rudolph Lentz 0-0: Called Strike
0-1: Ball
1-1: Swinging Strike
1-2: Strikes out swinging
Bottom of the 5th over - 0 runs, 0 hits, 0 errors, 0 left on base; Canton 5 - London 0
TOP OF THE 6TH
Canton Indians batting - Pitching for London Majors : RHP Bryan Rystrom
Batting: LHB Mario Garza 0-0: Swinging Strike
0-1: Called Strike
0-2: Strikes out swinging
Batting: RHB Tony Gonzales 0-0: Ball
1-0: Swinging Strike
1-1: Ball
2-1: Foul Ball, location: 2F
2-2: Strikes out swinging
Batting: RHB Jose Argueta 0-0: Swinging Strike
0-1: Called Strike
0-2: Strikes out looking
Top of the 6th over - 0 runs, 0 hits, 0 errors, 0 left on base; Canton 5 - London 0
BOTTOM OF THE 6TH
London Majors batting - Pitching for Canton Indians : RHP Tom Frost
Batting: LHB Ron de Vos 0-0: Foul Ball, location: 2F
0-1: Foul Ball, location: 2F
0-2: Ball
1-2: Ground out 4-3 (Groundball, 4, EV 85.0 MPH)
Batting: LHB Nate Greening 0-0: Foul Ball, location: 2F
0-1: SINGLE (Flyball, 7LS, EV 85.6 MPH)
Batting: RHB Lao-che Zhu 0-0: Ball
1-0: Ball
2-0: Ball
3-0: Called Strike
3-1: 2-RUN HOME RUN (Flyball, 7LD, EV 92.5 MPH), Distance : 347 ft
Batting: RHB Manny Elizondo 0-0: Called Strike
0-1: Ball
1-1: Swinging Strike
1-2: SOLO HOME RUN (Flyball, 7D, EV 96.2 MPH), Distance : 376 ft
Batting: RHB Carlos Murillo 0-0: Foul Ball, location: 2F
0-1: Ground out 6-3 (Groundball, 6, EV 80.0 MPH)
Batting: RHB Brandon Williams 0-0: Foul Ball, location: 2F
0-1: Called Strike
0-2: Ball
1-2: Fly out, F8 (Flyball, 8RM, EV 92.5 MPH)
Bottom of the 6th over - 3 runs, 3 hits, 0 errors, 0 left on base; Canton 5 - London 3
TOP OF THE 7TH
Canton Indians batting - Pitching for London Majors : RHP Bryan Rystrom
Batting: RHB Adam McMillen 0-0: Ball
1-0: Ball
2-0: Called Strike
2-1: Foul Ball, location: 2F
2-2: Strikes out swinging
Batting: RHB Bill Ortiz 0-0: Called Strike
0-1: Ball
1-1: Ball
2-1: Ball
3-1: Base on Balls
Pitching: RHP Nick Ford
Batting: RHB Jose Rodriguez 0-0: Ball
1-0: Foul Ball, location: 2F
1-1: Ball
2-1: Foul Ball, location: 2F
2-2: Foul Ball, location: 2F
2-2: Grounds into double play, 6-4-3 (Groundball, 6, EV 100.0 MPH)
Top of the 7th over - 0 runs, 0 hits, 0 errors, 0 left on base; Canton 5 - London 3
BOTTOM OF THE 7TH
London Majors batting - Pitching for Canton Indians : RHP Tom Frost
Batting: RHB Akira Kubo 0-0: Ground out 4-3 (Groundball, 6MD, EV 80.0 MPH)
Batting: RHB Bruce Ayotte 0-0: Ball
1-0: Fly out, F5 (Popup, 5F, EV 62.5 MPH)
Batting: RHB Rudolph Lentz 0-0: Ball
1-0: Fly out, F6 (Line Drive, 6, EV 76.2 MPH)
Bottom of the 7th over - 0 runs, 0 hits, 0 errors, 0 left on base; Canton 5 - London 3
TOP OF THE 8TH
Canton Indians batting - Pitching for London Majors : RHP Nick Ford
Batting: SHB Luis de Leon 0-0: Called Strike
0-1: Ball
1-1: Ball
2-1: SOLO HOME RUN (Flyball, 9LD, EV 94.4 MPH), Distance : 338 ft
Pinch Hitting: RHB Leo Candelas 0-0: Ball
1-0: Foul Ball, location: 2F
1-1: Foul Ball, location: 2F
1-2: Ball
2-2: Foul Ball, location: 2F
2-2: Strikes out swinging
Pinch Hitting: LHB Mesfin Azagba 0-0: Swinging Strike
0-1: Fly out, F7 (Flyball, 7, EV 90.0 MPH)
Batting: LHB Mario Garza 0-0: Called Strike
0-1: Ball
1-1: Ball
2-1: Ball
3-1: Swinging Strike
3-2: Foul Ball, location: 2F
3-2: Strikes out swinging
Top of the 8th over - 1 run, 1 hit, 0 errors, 0 left on base; Canton 6 - London 3
BOTTOM OF THE 8TH
London Majors batting - Pitching for Canton Indians : RHP Tom Frost
Now at 1B: Aaron Stout
Now in LF: Juan Ordonez
Now in CF: George Wagner
Now in RF: Tom Auld
Batting: LHB Ron de Vos 0-0: Fly out, F7 (Flyball, 7D, EV 106.2 MPH)
Batting: LHB Nate Greening 0-0: Foul Ball, location: 2F
0-1: Ball
1-1: Swinging Strike
1-2: Foul Ball, location: 2F
1-2: Ball
2-2: Foul Ball, location: 2F
2-2: Ball
3-2: Foul Ball, location: 2F
3-2: Foul Ball, location: 2F
3-2: Base on Balls
Pinch Hitting: SHB Mike Fermin 0-0: Called Strike
0-1: Called Strike
0-2: Ball
1-2: Strikes out swinging
Batting: RHB Manny Elizondo 0-0: Called Strike
0-1: Ball
1-1: Swinging Strike
1-2: Ball
2-2: SINGLE (Groundball, 6MD, EV 105.6 MPH)
Nate Greening to second
Batting: RHB Carlos Murillo 0-0: Called Strike
0-1: Ball
1-1: Ball
2-1: Ball
3-1: 3-RUN HOME RUN (Flyball, 9D, EV 95.0 MPH), Distance : 391 ft
Pitching: RHP Conrado Cristina
Batting: RHB Brandon Williams 0-0: Foul Ball, location: 2F
0-1: Ball
1-1: Ball
2-1: Swinging Strike
2-2: Ball
3-2: SINGLE (Line Drive, 34D, EV 97.5 MPH)
Batting: RHB Akira Kubo 0-0: Swinging Strike
0-1: SINGLE (Flyball, 8RS, EV 91.9 MPH)
Brandon Williams to second
Runner from 2nd tries for 3rd, SAFE, throw by CF made to third
Batting: RHB Bruce Ayotte 0-0: Ground out 4-3 (Groundball, 34S, EV 90.6 MPH)
Bottom of the 8th over - 3 runs, 4 hits, 0 errors, 2 left on base; Canton 6 - London 6
TOP OF THE 9TH
Canton Indians batting - Pitching for London Majors : RHP Nick Ford
Now at 3B: Mike Fermin
Pinch Hitting: SHB Jay Rook 0-0: Ball
1-0: Ball
2-0: Ball
3-0: Called Strike
3-1: Base on Balls
Batting: RHB Jose Argueta 0-0: Ball
1-0: Ball
2-0: Ball
3-0: Called Strike
3-1: Called Strike
3-2: Strikes out swinging
Batting: RHB Adam McMillen 0-0: SINGLE (Flyball, 8LS, EV 91.9 MPH)
Jay Rook to second
Pinch Runner at 2nd Quan Tai:
Batting: RHB Bill Ortiz 0-0: Ball
1-0: Ball
2-0: Called Strike
2-1: Foul Ball, location: 2F
2-2: Ball
3-2: Grounds into double play, 5-4-3 (Groundball, 15, EV 88.1 MPH)
Top of the 9th over - 0 runs, 1 hit, 0 errors, 1 left on base; Canton 6 - London 6
BOTTOM OF THE 9TH
London Majors batting - Pitching for Canton Indians : RHP Conrado Cristina
Now at 3B: Makoto Narita
Pinch Hitting: RHB Chad Colyer 0-0: Called Strike
0-1: Called Strike
0-2: Strikes out looking
Batting: LHB Ron de Vos 0-0: Ball
1-0: Called Strike
1-1: Foul Ball, location: 2F
1-2: Ball
2-2: Foul Ball, location: 2F
2-2: Foul Ball, location: 2F
2-2: Ball
3-2: Base on Balls
Batting: LHB Nate Greening 0-0: Ball
1-0: Called Strike
1-1: Ball
2-1: Ball
Ron de Vos steals 2nd base
3-1: Called Strike
3-2: Foul Ball, location: 2F
3-2: Strikes out swinging
Pitching: RHP Chris Gomez
Batting: SHB Mike Fermin 0-0: SINGLE (Line Drive, 4MD, EV 95.6 MPH)
Ron de Vos to third
Runner from 3rd tries for Home, SAFE, throw by CF to home
Bottom of the 9th over - 1 run, 1 hit, 0 errors, 1 left on base; Canton 6 - London 7
Thursday, December 15th , 2022 - OOTP Baseball 23.9 Build 102